 Dungeon Crawl Stone Soup version 0.31-a0-984-gbfb7dba898 (webtiles) character file.

Game seed: 3571356574816834380

1523 Felidowicz the Ruffian (level 8, 0/83 HPs)
             Began as a Troll Fighter on Nov 3, 2023.
             Was a Follower of Wu Jian.
             Succumbed to a water moccasin's poison
             ... on level 7 of the Dungeon.
             The game lasted 00:14:53 (5264 turns).

Felidowicz the Ruffian (Troll Fighter)              Turns: 5264, Time: 00:14:53

Health: 0/83       AC:  7    Str: 27    XL:     8   Next: 54%
Magic:  7/7        EV:  9    Int:  4    God:    Wu Jian [*.....]
Gold:   328        SH:  8    Dex:  9    Spells: 7/7 levels left

rFire   . .          .
                       - Unarmed
rCold   + . .        b - +0 kite shield
rNeg    . . .        j - +1 robe {rC+}
rPois   .            E - +1 hat
rElec   .            x - +0 cloak
rCorr   .            (gloves unavailable)
SInv    +            (boots unavailable)
Will    .....        (no amulet)
Stlth   +            d - ring of see invisible
HPRegen 1.13/turn    (no ring)
MPRegen 0.10/turn

%: no passive effects
@: lethally poisoned (0 -> -6)
A: large, unfitting armour, claws 3, regeneration 1, shaggy fur 1, tough skin 1
a: Renounce Religion


You were on level 7 of the Dungeon.
You worshipped Wu Jian.
Wu Jian was aware of your devotion.
You visited 2 branches of the dungeon, and saw 8 of its levels.

You collected 328 gold pieces.

Inventory:

Hand Weapons
 e - a +1 sling of electrocution
Missiles
 a - 7 poisoned darts (quivered)
 o - 4 javelins
 u - 3 boomerangs
Armour
 b - a +0 kite shield (worn)
 j - a +1 robe of cold resistance (worn)
 x - a +0 cloak (worn)
 E - a +1 hat (worn)
Jewellery
 d - a ring of see invisible (left claw)
 f - a ring of protection from fire
 y - an amulet of faith
Wands
 v - a wand of roots (12)
 D - a wand of digging (5)
Scrolls
 g - 5 scrolls of teleportation {unknown}
 i - a scroll of silence {unknown}
 k - a scroll of torment {unknown}
 l - a scroll of immolation {unknown}
 n - a scroll of vulnerability {unknown}
 r - 4 scrolls of identify {unknown}
 s - 5 scrolls of brand weapon {unknown}
 w - a scroll of poison {unknown}
 B - 2 scrolls of enchant weapon {unknown}
 C - a scroll of revelation {unknown}
Potions
 c - a potion of might
 h - 2 potions of resistance {unknown}
 m - 4 potions of heal wounds {unknown}
 p - a potion of enlightenment {unknown}
 q - 6 potions of curing {unknown}
 t - a potion of ambrosia {unknown}
 z - a potion of brilliance {unknown}
 A - a potion of haste {unknown}


   Skills:
 * Level 5.7 Fighting
 + Level 3.4 Throwing
 - Level 3.0 Dodging
 + Level 4.7 Shields
 * Level 6.4 Unarmed Combat


You had 7 spell levels left.
You didn't know any spells.
Your spell library contained the following spells:

 Spells                   Type           Power      Damage    Failure   Level
 Apportation              Tloc           0%         N/A       73%         1
 Slow                     Hex            0%         N/A       73%         1
 Sting                    Tmut/Pois      0%         1d3       73%         1
 Jinxbite                 Hex            0%         N/A       86%         2
 Poisonous Vapours        Pois/Air       0%         N/A       86%         2
 Confusing Touch          Hex            0%         N/A       97%         3
 Inner Flame              Hex/Fire       0%         N/A       97%         3
 Sigil of Binding         Hex            0%         N/A       97%         3
 Vampiric Draining        Necr           0%         2d6       97%         3
 Olgreb's Toxic Radiance  Pois           0%         N/A       100%        4
 Alistair's Intoxication  Tmut/Pois      0%         N/A       100%        5
 Yara's Violent Unravell  Hex/Tmut       0%         3d3       100%        5
 Enfeeble                 Hex            0%         N/A       100%        7


Dungeon Overview and Level Annotations

Branches:
Dungeon (7/15)             Temple (1/1) D:4

Altars:
Ashenzari
Elyvilon
Fedhas
Gozag
Makhleb
Nemelex Xobeh
Okawaru
Sif Muna
Trog
Uskayaw
Vehumet
Wu Jian
Xom
Yredelemnul


Innate Abilities, Weirdness & Mutations

You are too large for most types of armour.
You have claws for hands.
Your natural rate of healing is unusually fast.
You are covered in fur. (AC +1)
You have tough skin. (AC +1)


Message History

The iguana closely misses you.
You feel sick.
You feel sick.
You feel sick.
You are no longer poisoned.
The water moccasin bites you.
* * * LOW HITPOINT WARNING * * *
There is an open door here.
The water moccasin attacks as it pursues you!
The water moccasin bites you.
* * * LOW HITPOINT WARNING * * *
The water moccasin closely misses you.
You barely miss the water moccasin. You block the water moccasin's attack.
You closely miss the water moccasin. The water moccasin bites you.
* * * LOW HITPOINT WARNING * * *
The water moccasin barely misses you.
You claw the water moccasin!
The water moccasin is severely wounded.
You block the water moccasin's attack.
You completely miss the water moccasin.
The water moccasin is heavily wounded.
The water moccasin bites you!
* * * LOW HITPOINT WARNING * * *
You are poisoned.
The water moccasin poisons you!
You miss the water moccasin.
The water moccasin is heavily wounded.
You feel sick. You block the water moccasin's attack.
The water moccasin bites you.
* * * LOW HITPOINT WARNING * * *
You are lethally poisoned!
The water moccasin poisons you!
You completely miss the water moccasin.
The water moccasin is heavily wounded.
* * * LOW HITPOINT WARNING * * *
You feel very sick. You block the water moccasin's attack.
You closely miss the water moccasin.
The water moccasin is heavily wounded.
You die...

#########.#.####....
#.........#.#.##....
#.........#...##....
#.........###.##....
#...................
###'###.#####.###...
#l# #.# #.# ... #S#
#.# #.# ... #@# #..
..# ...
#.########... ###
#.......<#...
##########...


You could see a water moccasin and an iguana.

Vanquished Creatures
  A hornet (D:5)
  A spriggan (D:7)
  Menkaure (D:5)
  2 ogres (D:6)
  The ghost of dertzug the Ruffian, an amateur DrSh (D:3)
  2 phantoms
  3 wights
  3 hounds
  A jelly (D:5)
  Crazy Yiuf (D:4)
  3 orc priests
  2 iguanas (D:6)
  A sleepcap (D:4)
  An orc wizard (D:5)
  6 adders
  A white imp (D:4)
  2 ufetubi (D:6)
  A worm (D:4)
  5 dart slugs
  11 orcs
  10 endoplasms
  A giant cockroach (D:4)
  4 hobgoblins
  7 jackals (D:4)
  3 quokkas
  14 ball pythons
  5 bats
  3 frilled lizards (D:3)
  6 goblins
  13 kobolds
  3 rats
118 creatures vanquished.

Notes
Turn   | Place    | Note
-------+----------+-------------------------------------------
     0 | D:1      | Felidowicz the Troll Fighter began the quest for the Orb.
     0 | D:1      | Reached XP level 1. HP: 22/22 MP: 0/0
   157 | D:1      | Reached XP level 2. HP: 29/29 MP: 1/1
   567 | D:2      | Reached XP level 3. HP: 36/36 MP: 2/2
  1465 | D:3      | Found a runed translucent door.
  1627 | D:3      | Reached XP level 4. HP: 45/45 MP: 3/3
  2092 | D:3      | Noticed dertzug's ghost (amateur DrSh)
  2109 | D:3      | Killed dertzug's ghost
  2110 | D:3      | Reached skill level 1 in Throwing
  2110 | D:3      | Reached skill level 3 in Unarmed Combat
  2110 | D:3      | Reached XP level 5. HP: 47/53 MP: 4/4
  2292 | D:4      | Found a staircase to the Ecumenical Temple.
  2314 | D:4      | Noticed a phantom
  2321 | D:4      | Killed a phantom
  2322 | D:4      | Reached XP level 6. HP: 50/62 MP: 5/5
  2327 | Temple   | Entered the Ecumenical Temple
  2373 | Temple   | Became a worshipper of the Wu Jian Council
  2406 | D:4      | Reached skill level 4 in Unarmed Combat
  2636 | D:4      | Found a runed translucent door.
  2637 | D:4      | Noticed Crazy Yiuf
  3030 | D:4      | Killed Crazy Yiuf
  3030 | D:4      | Reached * piety under Wu Jian
  3103 | D:5      | Entered Level 5 of the Dungeon
  3177 | D:5      | Reached XP level 7. HP: 70/70 MP: 6/6
  3625 | D:5      | Noticed Menkaure
  3628 | D:5      | Killed Menkaure
  3629 | D:5      | Reached skill level 5 in Unarmed Combat
  3690 | D:5      | Noticed a hornet
  3696 | D:5      | Killed a hornet
  3697 | D:5      | Reached skill level 5 in Fighting
  4074 | D:6      | Reached XP level 8. HP: 80/80 MP: 7/7
  4619 | D:6      | Reached skill level 6 in Unarmed Combat
  5263 | D:7      | HP: 2/83 [poisoned by a water moccasin]
  5264 | D:7      | Succumbed to a water moccasin's poison

Illustrated notes

Levels and vault maps discovered:
D:1:      amcnicky_arrival_feature_with_door, layout_rooms
D:2:      layout_basic
D:3:      layout_basic, ebering_ghost_sewer_d, minivault_11,
          kennysheep_cross_room, supply_closet_lemuel, grunt_ministairs_10
D:4:      layout_gridville, minmay_temple_entry_statues_fountains,
          uniq_crazy_yiuf_cottage
D:5:      layout_basic, uniq_menkaure
D:6:      layout_cave_pods
D:7:      layout_basic, minitemple, mainiacjoe_overflow_alcove_2, the_hattery,
          uniq_pikel
Temple:   eino_temple_water

Skill      XL: |  1  2  3  4  5  6  7  8 |
---------------+-------------------------+-----
Shields        | 3 4 |  4.7
Fighting       | 3 4 5 |  5.7
Throwing       | 1 2 3 |  3.4
Unarmed Combat | 3 4 5 6 |  6.4
Dodging        | 3 |  3.0

Action                     |  1- 3 |  4- 6 |  7- 9 || total
---------------------------+-------+-------+-------++-------
  Melee: Unarmed           |    91 |   125 |   107 ||   323
   Fire: Sling             |     4 |       |       ||     4
  Throw: Dart              |       |       |     9 ||     9
         Javelin           |       |       |     4 ||     4
Ability: Lunge             |       |     7 |     4 ||    11
         Whirlwind         |       |       |     2 ||     2
   Stab: Sleeping          |       |     1 |       ||     1
 Armour: Robe              |    33 |    63 |    83 ||   179
  Dodge: Dodged            |    22 |    47 |    44 ||   113
  Block: Kite shield       |    32 |    52 |    41 ||   125

Table legend: (Time is in decaauts)
 A = Elapsed time spent in this place.
 B = Non-inter-level travel time spent in this place.
 C = Inter-level travel time spent in this place.
 D = Time resting spent in this place.
 E = Time spent auto-exploring this place.
 F = Levels seen in this place.
 G = Mean time per level.
                   A        B        C        D        E       F      G
               +--------+--------+--------+--------+--------+-----+--------+
         Total |   5279 |   4880 |    399 |     42 |   3929 |   8 |  659.9 |
       Dungeon |   5217 |   4878 |    339 |     42 |   3929 |   7 |  745.3 |
        Temple |     62 |      2 |     60 |      0 |      0 |   1 |   62.0 |
               +--------+--------+--------+--------+--------+-----+--------+

Top non-repeatable levels by time:
     D:5: 1073 daAuts
     D:6: 971 daAuts
     D:3: 885 daAuts
     D:4: 843 daAuts
     D:2: 758 daAuts
     D:1: 563 daAuts
     D:7: 121 daAuts
  Temple: 62 daAuts
